 Dungeon Crawl Stone Soup version 0.18-a0-1292-ge8ad84c (webtiles) character file.

168 ololoev the Chopper (level 5, 41/41 HPs)
             Began as a Demonspawn Fighter on Feb 9, 2016.
             Quit the game on level 4 of the Dungeon.
             The game lasted 00:02:36 (347 turns).

ololoev the Chopper (Demonspawn Fighter)             Turns: 347, Time: 00:02:36

Health: 41/41      AC: 16    Str: 22    XL:     5   Next: 24%
Magic:  5/5        EV:  5    Int:  9    God:
Gold:   30         SH:  9    Dex: 13    Spells: 0 memorised, 4 levels left

rFire  . . .     SeeInvis .     a - +0 war axe
rCold  . . .     Gourm    .     g - +0 chain mail
rNeg   . . .     Faith    .     c - +0 shield
rPois  .         Spirit   .     (no helmet)
rElec  .         Dismiss  .     (no cloak)
rCorr  .         Reflect  .     (no gloves)
SustAt .         Harm     .     e - +2 pair of boots {Stlth+}
MR     .....                    (no amulet)
Stlth  ..........               (no ring)
                                (no ring)

@: mighty, not resistant to hostile enchantments, extremely unstealthy
A: iridescent scales 1, demonic guardian 1, powered by pain 1
a: no special abilities


Innate Abilities, Weirdness & Mutations

You are partially covered in iridescent scales (AC +4).
A weak demonic guardian rushes to your aid.
You sometimes gain a little power by taking damage.

Inventory:

Hand Weapons
 a - a +0 war axe (weapon)
Armour
 c - a +0 shield (worn)
 e - a +2 pair of boots of stealth (worn)
 g - a +0 chain mail (worn)
Scrolls
 b - a scroll of magic mapping {unknown}
 h - 2 scrolls of identify {unknown}
 i - a scroll of enchant weapon {unknown}
 l - a scroll of random uselessness {unknown}
Potions
 d - a potion of might
 k - a potion of magic {unknown}
 n - a potion of brilliance {unknown}
 o - a potion of curing {unknown}
Books
 m - a book of Minor Magic

   Spells                             Type                      Level
   a - Magic Dart                     Conjuration                  1
   b - Blink                          Translocation                2
   c - Call Imp                       Summoning                    2
   d - Repel Missiles                 Charms/Air                   2
   e - Slow                           Hexes                        2
   f - Conjure Flame                  Conjuration/Fire             3
   g - Mephitic Cloud                 Conjuration/Poison/Air       3
Comestibles
 f - 2 bread rations
 j - a slice of pizza


   Skills:
 - Level 3.0 Fighting
 * Level 4.1 Axes
 + Level 3.9 Armour
 - Level 2.6 Shields


You had 4 spell levels left.
You didn't know any spells.


You were on level 4 of the Dungeon.
You were not hungry.

You visited 1 branch of the dungeon, and saw 4 of its levels.

You collected 30 gold pieces.

#............#
##..........##
##....#...##
####.##### #.#
###########.#
#...(.)..##.######
#..................
#.........@......##
#.........####.....
#.........# .####
#########.# # #..
#..# ..## ...

Notes
Turn   | Place    | Note
--------------------------------------------------------------
     0 | D:1      | ololoev the Demonspawn Fighter began the quest for the Orb.
     0 | D:1      | Reached XP level 1. HP: 18/18 MP: 1/1
   148 | D:1      | You fall through a shaft!
   152 | D:2      | Gained mutation: A weak demonic guardian rushes to your aid. [demonic ancestry]
   152 | D:2      | Reached XP level 2. HP: 24/24 MP: 2/2
   329 | D:4      | Noticed Eustachio
   339 | D:4      | Noticed a crimson imp
   339 | D:4      | Killed Eustachio
   339 | D:4      | Gained mutation: You sometimes gain a little power by taking damage. [demonic ancestry]
   339 | D:4      | Reached XP level 3. HP: 29/29 MP: 3/3
   339 | D:4      | Gained mutation: You are partially covered in iridescent scales (AC +4). [demonic ancestry]
   339 | D:4      | Reached XP level 4. HP: 35/35 MP: 4/4
   339 | D:4      | Reached XP level 5. HP: 41/41 MP: 5/5
   342 | D:4      | Reached skill level 4 in Axes
   347 | D:4      | Quit the game

Dungeon Overview and Level Annotations

Branches:
Dungeon (4/15)
 Temple: D:4-7

Altars:


Message History

Eustachio is almost dead.
You slash the quokka!
You kill the quokka!
The quokka's corpse disappears in a puff of smoke!
The centaur skeleton completely misses your ufetubus.
Your ufetubus barely misses Eustachio.
Your ufetubus closely misses Eustachio.
Eustachio gestures wildly while chanting.
The centaur skeleton hits your ufetubus.
Your ufetubus closely misses Eustachio.
Your ufetubus hits Eustachio but does no damage.
You slash Eustachio!
You kill Eustachio!
Your Axes skill increases to level 3!
You have reached level 3!
Your experience leads to an increase in your attributes!
Your base attributes are Str 16, Int 9, Dex 12.
Increase (S)trength, (I)ntelligence, or (D)exterity?
You feel stronger.
Your demonic ancestry asserts itself...
You feel energised by your suffering.
You have reached level 4!
You feel agile.
Your demonic ancestry asserts itself...
Iridescent scales grow over part of your body.
You have reached level 5!
You hit the white imp.
The white imp is moderately wounded.
The white imp disappears in a puff of smoke!
The shadow imp disappears in a puff of smoke!
The crimson imp disappears in a puff of smoke!
The centaur skeleton closely misses your ufetubus.
The centaur skeleton hits your ufetubus!
Your ufetubus dies!
You block the centaur skeleton's attack.
You slash the centaur skeleton!
The centaur skeleton hits you but does no damage.
You block the centaur skeleton's attack.
You slice the centaur skeleton!!
You destroy the centaur skeleton!
Your Axes skill increases to level 4!
h - 2 scrolls labeled WIOSOSHRU YSIY (gained 1) Are you sure you want to abandon this character and quit the game? (Confirm with "yes".)

There were no monsters in sight!

Vanquished Creatures
  Eustachio (D:4)
  A centaur skeleton (D:4)
  A giant gecko (D:2)
  2 bats
  A giant cockroach (D:2)
  3 hobgoblins
  A giant newt (D:1)
  A goblin (D:1)
  A kobold (D:3)
  A rat (D:1)
13 creatures vanquished.

Action                   |  1- 3 |  4- 6 || total
-------------------------+-------+-------++-------
Melee: War axe           |    30 |     2 ||    32
  Use: Potion            |     1 |       ||     1

Vault maps used:
D:1:      dpeg_arrival_chase, st_stairs_7
D:2:      first_bread
D:4:      gammafunk_temple_overflow_wave, wad_floor_pattern_untrapped,
          grunt_ministairs_1, uniq_eustachio
